 Dungeon Crawl Stone Soup version 0.23.2-1-ga50397a (webtiles) character file.

Game seed: 15362209205566136391

660 MalarOregon the Chiller (level 7, -10/46 HPs)
             Began as a Merfolk Ice Elementalist on May 25, 2019.
             Was an Initiate of Dithmenos.
             Mangled by a wyvern (11 damage)
             ... on level 4 of the Dungeon.
             The game lasted 00:08:46 (4699 turns).

MalarOregon the Chiller (Merfolk Ice Elementalist)  Turns: 4699, Time: 00:08:47

Health: -10/46     AC:  2    Str: 10    XL:     7   Next: 56%
Magic:  9/13       EV: 13    Int: 17    God:    Dithmenos [......]
Gold:   238        SH:  0    Dex: 14    Spells: 12/15 levels left

rFire    . . .     SeeInvis .   a - +2 dagger (speed)
rCold    . . .     Gourm    .   (no shield)
rNeg     . . .     Faith    .   o - +0 robe
rPois    .         Spirit   .   (no helmet)
rElec    .         Reflect  .   (no cloak)
rCorr    .         Harm     .   (no gloves)
MR       +....                  (no boots)
Stlth    +++.......             (no amulet)
HPRegen  0.15/turn              c - +2 ring of strength
MPRegen  0.13/turn              l - ring of protection from magic (curse)

@: about to teleport
A: change form in water, swift swim, stealthy swim
a: Renounce Religion


You were on level 4 of the Dungeon.
You worshipped Dithmenos.
Dithmenos was noncommittal.
You were not hungry.

You visited 2 branches of the dungeon, and saw 6 of its levels.

You collected 238 gold pieces.

Inventory:

Hand Weapons
 a - a +2 dagger of speed (weapon)
   (You took it off an orc wizard on level 4 of the Dungeon)
 b - a +0 shortbow
   (You took it off a centaur on level 4 of the Dungeon)
Missiles
 u - 81 arrows
Armour
 o - a +0 robe (worn)
 r - a +0 pair of gloves
   (You found it on level 3 of the Dungeon)
Jewellery
 c - a +2 ring of strength (left hand)
   (You found it on level 1 of the Dungeon)
 l - a cursed ring of protection from magic (right hand)
   (You found it on level 2 of the Dungeon)
Wands
 n - a wand of polymorph (2)
   (You found it on level 4 of the Dungeon)
Scrolls
 g - 2 scrolls of amnesia
 i - 2 scrolls of remove curse {@r2}
 j - 3 scrolls of identify {@r1}
 t - 4 scrolls of teleportation {@r4}
Potions
 d - a potion of mutation {!q}
 h - 2 potions of agility
 k - a potion of might
 m - a potion of flight
 p - 3 potions of curing {@q1}
 q - a potion of heal wounds {@q2}
 s - a potion of berserk rage
 v - a potion of degeneration {unknown}
Comestibles
 e - 10 rations {!d}
 w - 2 chunks of flesh


   Skills:
 - Level 2.6 Dodging
 + Level 5.9 Stealth
 + Level 4.5 Spellcasting
 - Level 0.7 Conjurations
 + Level 6.0 Ice Magic


You had 12 spell levels left.
You knew the following spells:

 Your Spells              Type           Power        Failure   Level  Hunger
a - Freeze                Ice            ###.         1%          1    None
x - Throw Frost           Conj/Ice       ###...       5%          2    ##.....

Your spell library contained the following spells:

 Spells                   Type           Power        Failure   Level  Hunger
 Ozocubu's Armour         Chrm/Ice       ##......     13%         3    ###....
 Throw Icicle             Conj/Ice       ###.....     36%         4    ####...
 Summon Ice Beast         Ice/Summ       ##......     41%         4    ####...


Dungeon Overview and Level Annotations

Branches:
Dungeon (5/15)             Temple (1/1) D:4

Altars:
Ashenzari
Cheibriados
Dithmenos
Elyvilon
Fedhas
Gozag
Hepliaklqana
Kikubaaqudgha
Makhleb
Nemelex Xobeh
Okawaru
Sif Muna
Trog
Uskayaw
Vehumet
Wu Jian
Xom
Zin
The Shining One


Message History

a - a +2 dagger of speed (weapon)
The orc hits you but does no damage. The orc hits you with a cursed -2 whip.
Aim: an orc, wielding a +0 club You freeze the orc!
You kill the orc!
Dithmenos accepts your kill. The orc misses you.
Aim: an orc, wielding a -2 whip You freeze the orc!
You kill the orc!
Dithmenos accepts your kill.
You start resting.
You start resting.
You climb downwards.
The orc hits you but does no damage. The orc closely misses you.
There is a stone staircase leading up here.
Aim: an orc, wielding a +0 flail You freeze the orc!
You kill the orc!
Dithmenos accepts your kill.
The wyvern hisses angrily.
Aim: an orc priest The puff of frost misses the orc priest.
The puff of frost hits the wyvern.
The wyvern hisses menacingly.
The wyvern misses you. The orc priest closely misses you.
You climb upwards.
There is a stone staircase leading down here.
Aim: an orc priest You freeze the orc priest!
The wyvern bites you!
The orc priest calls down the wrath of Beogh upon you.
Beogh smites you! The wyvern bites you.
* * * LOW HITPOINT WARNING * * *
Aim: an orc priest (severely wounded)
You freeze the orc priest.
You kill the orc priest!
Dithmenos accepts your kill.
Your Ice Magic skill increases to level 6!
The wyvern bites you!!
* * * LOW HITPOINT WARNING * * *
A stone staircase leading down, spattered with blood.
Unknown command.
As you read the scroll labeled TAJAUNNUFFE, it crumbles to dust.
The scroll dissolves into smoke.
It was a scroll of fog.
The wyvern barely misses you. The wyvern misses you.
You see here a +0 club.
As you read the scroll of teleportation {@r4}, it crumbles to dust.
You feel strangely unstable. The wyvern closely misses you.
The wyvern bites you!
You die...

...# #######.# #.##
#.# #.# #.#
..########### #.#
............#####.####
########.............#
## #.##.#####§##.#
.#######.##.#####§§#.#
#........##....§@l§#.#
.#######.##.#.#§##§#.#
## ##.##.#..#.##.#§#.#
.###...............#.#
......##.#..#.##.###.#
.##.........#.#.####.#
###.####.............#
.....###.####.########
###...........#


You could see a wyvern.

Vanquished Creatures
  2 ogres (D:4)
  A centaur (D:4)
  2 scorpions (D:4)
  A howler monkey (D:4)
  A hound (D:4)
  An orc priest (D:4)
  2 orc wizards (D:4)
  A worker ant (D:5)
  A hound zombie (D:5)
  3 adders
  2 worms
  3 dart slugs
  2 leopard geckos (D:2)
  8 orcs
  7 bats
  5 giant cockroaches
  7 goblins
  7 hobgoblins
  2 jackals (D:2)
  6 kobolds
  5 quokkas
  5 frilled lizards
  4 rats
78 creatures vanquished.

Notes
Turn   | Place    | Note
-------+----------+-------------------------------------------
     0 | D:1      | MalarOregon the Merfolk Ice Elementalist began the quest
                  | for the Orb.
     0 | D:1      | Reached XP level 1. HP: 13/13 MP: 3/3
   433 | D:1      | Reached XP level 2. HP: 17/19 MP: 1/5
  1159 | D:2      | Reached XP level 3. HP: 15/24 MP: 0/6
  1283 | D:2      | Learned a level 2 spell: Throw Frost
  1689 | D:3      | Noticed a sky beast
  1754 | D:3      | Reached skill level 4 in Ice Magic
  1884 | D:3      | Reached XP level 4. HP: 27/30 MP: 4/8
  2440 | D:4      | Reached XP level 5. HP: 18/35 MP: 5/9
  2611 | D:4      | Noticed an ogre
  2616 | D:4      | Killed an ogre
  2638 | D:4      | Reached skill level 5 in Ice Magic
  2638 | D:4      | Reached XP level 6. HP: 31/41 MP: 2/11
  3056 | D:4      | Found a glowing golden altar of the Shining One.
  3084 | D:4      | Reached skill level 5 in Stealth
  3363 | D:4      | Found a deep blue altar of Sif Muna.
  3496 | D:4      | Found a staircase to the Ecumenical Temple.
  3514 | D:4      | Reached XP level 7. HP: 44/46 MP: 9/13
  3822 | Temple   | Entered the Ecumenical Temple
  3835 | Temple   | Became a worshipper of Dithmenos the Shadowed
  4117 | D:4      | Found a glowing silver altar of Zin.
  4117 | D:4      | Found an ancient bone altar of Kikubaaqudgha.
  4119 | D:4      | Found an iron altar of Okawaru.
  4196 | D:4      | Found a shimmering altar of Xom.
  4267 | D:5      | Entered Level 5 of the Dungeon
  4571 | D:5      | Noticed a wyvern
  4696 | D:4      | Reached skill level 6 in Ice Magic
  4696 | D:4      | HP: 1/46 [wyvern (18)]
  4699 | D:4      | Mangled by a wyvern

Skill      XL: |  1  2  3  4  5  6  7 |
---------------+----------------------+-----
Stealth        | 3 4 5 |  5.9
Ice Magic      | 4 5 6 |  6.0
Spellcasting   | 3 4 |  4.5
Dodging        | |  2.6
Conjurations   | |  0.7

Action                   |  1- 3 |  4- 6 |  7- 9 || total
-------------------------+-------+-------+-------++-------
Melee: Unarmed           |     8 |       |       ||     8
       Dagger            |    41 |    44 |     5 ||    90
 Fire: Shortbow          |       |       |    24 ||    24
 Cast: Freeze            |    53 |    48 |    21 ||   122
       Throw Frost       |       |     6 |     1 ||     7
  Use: Scroll            |       |    11 |     3 ||    14
 Stab: Sleeping          |     7 |     7 |     1 ||    15
  Eat: Chunk             |     4 |     5 |     1 ||    10
       Ration            |       |       |     1 ||     1
Armor: Robe              |    11 |     6 |     3 ||    20
Dodge: Dodged            |    62 |    48 |    26 ||   136
